 Dungeon Crawl Stone Soup version 0.29.1-1-gd02db6906a (webtiles) character file.

Game seed: 13470379671371233886

561 groovy9 the Skirmisher (level 7, -8/50 HPs)
             Began as a Formicid Hunter on Sept 19, 2022.
             Was an Initiate of Hepliaklqana.
             Mangled by an ogre
             ... wielding a +0 giant club
              (33 damage)
             ... on level 6 of the Dungeon.
             The game lasted 00:12:48 (4579 turns).

groovy9 the Skirmisher (Formicid Hunter)            Turns: 4579, Time: 00:12:49

Health: -8/50      AC:  6    Str: 15    XL:     7   Next: 57%
Magic:  16/16      EV: 12    Int:  9    God:    Hepliaklqana [......]
Gold:   234        SH:  0    Dex: 19    Spells: 6/6 levels left

rFire   . . .      SeeInvis +   a - +0 shortbow
rCold   . . .      Faith    .   (no shield)
rNeg    . . .      Spirit   .   n - +3 leather armour
rPois   .          Reflect  .   (helmet unavailable)
rElec   .          Harm     .   (no cloak)
rCorr   .          Rampage  .   (no gloves)
Will    .....                   (no boots)
Stlth   ++........              (no amulet)
HPRegen 0.16/turn               h - ring of magical power
MPRegen 0.15/turn               (no ring)

@: no status effects
A: permanent stasis, dig shafts and tunnels, antennae 3, four strong arms
a: Dig, Shaft Self, Renounce Religion


You were on level 6 of the Dungeon.
You worshipped Hepliaklqana.
Hepliaklqana was noncommittal.
You visited 2 branches of the dungeon, and saw 7 of its levels.

You collected 234 gold pieces.

Inventory:

Hand Weapons
 a - a +0 shortbow (weapon)
 b - a +3 dagger
Missiles
 l - 7 poisoned darts
Armour
 n - a +3 leather armour (worn)
Jewellery
 h - a ring of magical power (left hand)
Wands
 c - a wand of polymorph (13)
Scrolls
 i - a scroll of immolation
Potions
 d - a potion of ambrosia
 e - 2 potions of brilliance
 f - a potion of mutation {unknown}
 g - a potion of flight {unknown}
 j - 2 potions of curing
 m - a potion of heal wounds {unknown}


   Skills:
 - Level 2.1 Fighting
 + Level 8.6 Ranged Weapons
 - Level 1.7 Dodging
 - Level 1.2 Stealth


You had 6 spell levels left.
You didn't know any spells.
Your spell library was empty.

Dungeon Overview and Level Annotations

Branches:
Dungeon (6/15)             Temple (1/1) D:4

Altars:
Ashenzari
Cheibriados
Dithmenos
Elyvilon
Fedhas
Gozag
Hepliaklqana
Kikubaaqudgha
Makhleb
Nemelex Xobeh
Okawaru
Qazlal
Ru
Sif Muna
Trog
Uskayaw
Vehumet
Wu Jian
Xom
Yredelemnul
Zin
The Shining One

Annotations:
D:5 Edmund, Ijyb


Innate Abilities, Weirdness & Mutations

You cannot be hasted, slowed, berserked, paralysed or teleported.
You can dig through walls and to a lower floor.
You have a pair of large antennae on your head. (SInv)
Your four strong arms can wield two-handed weapons with a shield.


Message History

The arrow hits the ogre.
The ogre is lightly wounded.
The phantom hits you.
You shoot an arrow. The arrow barely misses the phantom.
The arrow hits the ogre.
The ogre is lightly wounded.
The phantom hits you.
You shoot an arrow. The arrow barely misses the phantom.
The arrow hits the ogre.
The ogre is heavily wounded.
The phantom hits you but does no damage.
You shoot an arrow. The arrow hits the phantom!
The phantom is heavily damaged.
The phantom barely misses you. The phantom misses you.
You shoot an arrow. The arrow misses the phantom.
The arrow hits the ogre.
The ogre is heavily wounded.
The phantom closely misses you.
You shoot an arrow. The arrow hits the phantom!
The phantom is almost destroyed.
The phantom hits you but does no damage.
You shoot an arrow. The arrow hits the phantom.
You destroy the phantom!
The ogre hits you with a +0 giant club!!
Fire: a) +0 shortbow
Press: ? - help, Q - select action, (/) - cycle Shift-Dir - straight line, f - ogre
Aim: an ogre, wielding a +0 giant club (heavily wounded, 79% to hit)
You shoot an arrow. The arrow barely misses the ogre.
Fire: a) +0 shortbow
Press: ? - help, Q - select action, (/) - cycle Shift-Dir - straight line, f/p - ogre
Aim: an ogre, wielding a +0 giant club (heavily wounded, 79% to hit)
You shoot an arrow. The arrow barely misses the ogre.
The ogre barely misses you.
Fire: a) +0 shortbow
Press: ? - help, Q - select action, (/) - cycle Shift-Dir - straight line, f/p - ogre
Aim: an ogre, wielding a +0 giant club (heavily wounded, 79% to hit)
You shoot an arrow. The arrow hits the ogre.
The ogre is severely wounded.
The ogre hits you with a +0 giant club!!
Ouch! That really hurt!
You die... # #.### #.O@# #####

You could see an ogre.

Vanquished Creatures
  An ogre (D:4)
  A phantom (D:6)
  A scorpion (D:5)
  A crimson imp (D:4)
  A hound (D:5)
  A jelly (D:5)
  An orc priest (D:3)
  An iguana (D:4)
  6 adders
  A gnoll (D:3)
  A worm (D:3)
  2 dart slugs
  9 orcs
  10 ball pythons
  13 endoplasms
  9 giant cockroaches
  8 goblins
  15 hobgoblins
  A jackal (D:3)
  8 kobolds
  2 quokkas
  10 bats
  4 frilled lizards
  7 rats
  A spectral kobold (D:1)
115 creatures vanquished.

Notes
Turn   | Place    | Note
-------+----------+-------------------------------------------
     0 | D:1      | groovy9 the Formicid Hunter began the quest for the Orb.
     0 | D:1      | Reached XP level 1. HP: 16/16 MP: 1/1
    83 | D:1      | Reached XP level 2. HP: 22/22 MP: 2/2
   262 | D:1      | Found a faded altar of an unknown god.
   319 | D:1      | Reached XP level 3. HP: 18/27 MP: 3/3
   453 | D:1      | Reached skill level 5 in Ranged Weapons
  1006 | D:2      | Identified the +1 trident of the Mauling Priest {vorpal,
                  | rElec}
  1018 | D:2      | Reached XP level 4. HP: 31/33 MP: 4/4
  2092 | D:3      | Reached skill level 6 in Ranged Weapons
  2092 | D:3      | Reached XP level 5. HP: 21/38 MP: 5/5
  2297 | D:3      | Found an ancient bone altar of Kikubaaqudgha.
  2837 | D:3      | Reached XP level 6. HP: 28/44 MP: 6/6
  3226 | D:4      | Reached skill level 7 in Ranged Weapons
  3361 | D:4      | Noticed an ogre
  3372 | D:4      | Killed an ogre
  3382 | D:4      | Found a staircase to the Ecumenical Temple.
  3389 | Temple   | Entered the Ecumenical Temple
  3396 | Temple   | Became a worshipper of Hepliaklqana the Forgotten
  3968 | D:4      | Found a burning altar of Makhleb.
  3974 | D:4      | Reached XP level 7. HP: 39/50 MP: 7/7
  4039 | D:4      | Found a radiant altar of Vehumet.
  4241 | D:5      | Entered Level 5 of the Dungeon
  4247 | D:5      | Noticed Ijyb
  4354 | D:5      | Noticed Edmund
  4380 | D:5      | Reached skill level 8 in Ranged Weapons
  4579 | D:6      | Mangled by an ogre

Illustrated notes

Levels and vault maps discovered:
D:1:      dreamdust_arrival_beginning_and_end, layout_basic,
          dreamdust_ecumenical_altar_drowned_temple, minmay_indecisive_spiral
D:2:      layout_basic
D:3:      layout_rooms, nicolae_kikubaaqudgha_miasma_corner,
          minmay_joined_circles
D:4:      layout_loops_cross, grunt_temple_overflow_lords_of_destruction,
          minmay_temple_entry_nine_rooms
D:5:      lemuel_ice_spiral_2, layout_rooms, serial_co_window_serial,
          co_window_paths_b, co_window_of_opportunity_a, co_window_paths_b,
          co_window_paths_b, co_window_cross_1, co_window_paths_a,
          co_window_corner_a, co_window_paths_a, co_window_paths_b,
          co_window_broadway_a, co_window_unsneaky_path_b, co_window_broadway_c,
          co_window_paths_c, co_window_broadway_a, co_window_unsneaky_path_c,
          co_window_paths_d, glass_columns_a, glass_columns_c, glass_columns_a,
          glass_columns_b, glass_columns_b, uniq_edmund, uniq_ijyb
D:6:      minmay_skewed_foursquare, layout_basic, cheibrodos_sewer_entry_bend,
          uniq_eustachio
Temple:   nicolae_temple_bog_church

Skill      XL: |  1  2  3  4  5  6  7 |
---------------+----------------------+-----
Ranged Weapons | 5 6 7 8 |  8.6
Fighting       | |  2.1
Dodging        | |  1.7
Stealth        | |  1.2

Action                   |  1- 3 |  4- 6 |  7- 9 || total
-------------------------+-------+-------+-------++-------
Melee: Dagger            |       |     4 |       ||     4
 Fire: Shortbow          |    90 |   182 |    27 ||   299
Throw: Throwing net      |       |     1 |       ||     1
 Abil: Dig               |     3 |     2 |       ||     5
  Use: Scroll            |     3 |     5 |       ||     8
       Potion            |       |     3 |       ||     3
Armor: Leather armour    |     9 |    15 |     2 ||    26
Dodge: Dodged            |    22 |    73 |     8 ||   103
